 Dungeon Crawl Stone Soup version 0.29.0-4-gdea44cf6ec (webtiles) character file.

Game seed: 1611882998434417945

25 qw the Chopper (level 2, -1/26 HPs)
             Began as a Minotaur Fighter on Sept 8, 2022.
             Succumbed to their own poison gas
             ... on level 1 of the Dungeon.
             The game lasted 00:00:21 (1090 turns).

qw the Chopper (Minotaur Fighter)                   Turns: 1090, Time: 00:00:22

Health: -1/26      AC:  8    Str: 20    XL:     2   Next: 82%
Magic:  1/1        EV:  9    Int:  5    God:
Gold:   36         SH:  4    Dex:  9    Spells: 1/1 levels left

rFire   . . .      SeeInvis .   Y - +0 war axe
rCold   . . .      Faith    .   c - +0 buckler
rNeg    . . .      Spirit   .   b - +0 scale mail
rPois   .          Reflect  .   (helmet restricted)
rElec   .          Harm     .   (no cloak)
rCorr   .          Rampage  .   h - +0 pair of gloves
Will    .....                   (no boots)
Stlth   ..........              (no amulet)
HPRegen 0.08/turn               (no ring)
MPRegen 0.07/turn               (no ring)

@: lethally poisoned (-1 -> -8), weak-willed
A: horns 2, retaliatory headbutt
a: no special abilities


You were on level 1 of the Dungeon.
You visited 1 branch of the dungeon, and saw 1 of its levels.

You collected 36 gold pieces.


Innate Abilities, Weirdness & Mutations

You have a pair of horns on your head.
You reflexively headbutt those who attack you in melee.


   Skills:
 - Level 3.6 Fighting
 + Level 4.2 Axes
 - Level 3.6 Armour
 - Level 3.6 Shields


You had one spell level left.
You didn't know any spells.
Your spell library was empty.

Inventory:

Hand Weapons
 k - a +0 mace
 Y - a +0 war axe (weapon)
Armour
 b - a +0 scale mail (worn)
 c - a +0 buckler (worn)
 h - a +0 pair of gloves (worn)
Potions
 d - a potion of might
 f - a potion of curing {unknown}

Dungeon Overview and Level Annotations

Branches:
Dungeon (1/15)

Altars:


Message History

You start putting on your armour.
You continue putting on your +0 pair of gloves. x4
You finish putting on your +0 pair of gloves.
Done exploring.
1081 ||| READING scroll labelled XYULYE SAUCO.
The air fills with toxic fumes!
As you read the scroll labelled XYULYE SAUCO, it crumbles to dust.
It was a scroll of poison.
Done exploring.
1082 ||| READING scroll labelled JAYSCH QOIFI.
As you read the scroll labelled JAYSCH QOIFI, it crumbles to dust.
Magic quickly surges around you.
It was a scroll of vulnerability.
Done exploring.
1083 ||| READING scroll labelled YSMUFE ACEE.
As you read the scroll labelled YSMUFE ACEE, it crumbles to dust.
It is a scroll of identify.
Really abort (and waste the scroll)?
Done exploring.
(D) Dungeon
Where to? (* - list waypoints, ? - help)
What level of the Dungeon? (default 1, ? - help) Sorry, I don't know how to get there.
Done exploring.
1084 ||| Stepping randomly (stuck).
Really walk into that cloud of poison gas?
You are engulfed in poison gas.
You are lethally poisoned!
You feel very sick.
1085 ||| Stepping ~*~*~tactically~*~*~ (cloud).
You feel very sick.
There is a lethal amount of poison in your body!
You feel very sick.
There is a lethal amount of poison in your body!
You feel very sick.
There is a lethal amount of poison in your body!
You feel sick.
There is a lethal amount of poison in your body!
You feel sick.
There is a lethal amount of poison in your body!
You die...

#........#####.#.##########
#.#
#........'................#
#.#
#........#####0#.########.#
#.# ##........# #0#.# #.#
#.# #.........# #0#.# #.#
#.# #.........#
#0#.########.###.#
#.........#
#¤#..............#
#.#########
#0##########.##### #.#
#@¤¤0¤¤¤0....# #.#
#¤############ #.# ### #.#
##.# .%.# ####


There were no monsters in sight!

Vanquished Creatures
  2 dart slugs (D:1)
  An endoplasm (D:1)
  2 giant cockroaches (D:1)
  2 goblins (D:1)
  2 hobgoblins (D:1)
  2 jackals (D:1)
  A ball python (D:1)
  A frilled lizard (D:1)
  A kobold (D:1)
  7 rats (D:1)
21 creatures vanquished.

Notes
Turn   | Place    | Note
-------+----------+-------------------------------------------
     0 | D:1      | qw the Minotaur Fighter began the quest for the Orb.
     0 | D:1      | Reached XP level 1. HP: 19/19 MP: 0/0
     0 | D:1      | 0 ||| qw: Version: 0.1-a-112-g44dc6cd
     0 | D:1      | 0 ||| qw: Game counter: 6725
     0 | D:1      | 0 ||| qw: Always use a shield: true
     0 | D:1      | 0 ||| qw: God list: Ru
     0 | D:1      | 0 ||| qw: Allow faded altars: false
     0 | D:1      | 0 ||| qw: Do Orc after D:15 true
     0 | D:1      | 0 ||| qw: Do second Lair branch before Depths: true
     0 | D:1      | 0 ||| qw: Lair rune preference: random
     0 | D:1      | 0 ||| qw: Plans: Normal
     0 | D:1      | 0 ||| PLANNING D:1-11
    22 | D:1      | 22 ||| Stepping ~*~*~tactically~*~*~ (hiding).
   141 | D:1      | Reached skill level 3 in Axes
   157 | D:1      | Reached XP level 2. HP: 21/26 MP: 1/1
   786 | D:1      | Reached skill level 4 in Axes
  1021 | D:1      | 1021 ||| DROPPING +0 club.
  1076 | D:1      | 1076 ||| UPGRADING to +0 pair of gloves.
  1081 | D:1      | 1081 ||| READING scroll labelled XYULYE SAUCO.
  1082 | D:1      | 1082 ||| READING scroll labelled JAYSCH QOIFI.
  1083 | D:1      | 1083 ||| READING scroll labelled YSMUFE ACEE.
  1084 | D:1      | 1084 ||| Stepping randomly (stuck).
  1085 | D:1      | 1085 ||| Stepping ~*~*~tactically~*~*~ (cloud).
  1087 | D:1      | HP: 5/26 [poisoned by you (poison gas)]
  1089 | D:1      | HP: 1/26 [poisoned by you (poison gas)]
  1090 | D:1      | Succumbed to their own poison gas

Levels and vault maps discovered:
D:1:      psy_arrival_spokes, layout_basic

Skill      XL: |  1  2 |
---------------+-------+-----
Axes           | 3 4 |  4.2
Fighting       | |  3.6
Armour         | |  3.6
Shields        | |  3.6

Action                   || total
-------------------------++-------
Melee: War axe           ||    57
       Headbutt          ||     6
  Use: Scroll            ||     3
Armor: Scale mail        ||    24
Dodge: Dodged            ||    11
Block: Buckler           ||    10

Table legend:
 A = Non-vault XP
 B = Vault XP
 C = Vault XP percentage of total XP
 D = Non-vault monster count
 E = Vault monster count
 F = Vault count percentage of total count
                 A         B        C        D         E       F
            +---------+---------+-------+---------+---------+-------
      Total |      36 |       0 |   0.0 |      21 |       0 |   0.0
            +---------+---------+-------+---------+---------+-------
        D:1 |      36 |       0 |   0.0 |      21 |       0 |   0.0
            +---------+---------+-------+---------+---------+-------
